 Dungeon Sprint DCSS version 0.20-a0-640-g62ed22f (console) character file.

17 sorlin the Slasher (level 2, 0/22 HPs)
             Began as a Formicid Skald on Feb 13, 2017.
             Slain by a gnoll
             ... wielding a +0 spear
              (9 damage)
             ... in the Dungeon (Sprint IX: "|||||||||||||||||||||||||||||").
             The game lasted 00:00:50 (99 turns).

sorlin the Slasher (Formicid Skald)                   Turns: 99, Time: 00:00:50

Health: 0/22       AC:  3    Str: 15    XL:     2   Next: 80%
Magic:  4/5        EV: 11    Int: 12    God:
Gold:   0          SH:  0    Dex: 10    Spells: 2/5 levels left

rFire    . . .     SeeInvis +   a - +0 falchion
rCold    . . .     Gourm    .   b - +0 leather armour
rNeg     . . .     Faith    .   (no shield)
rPois    .         Spirit   .   (helmet unavailable)
rElec    .         Reflect  .   (no cloak)
rCorr    .         Harm     .   (no gloves)
MR       .....                  (no boots)
Stlth    +.........             (no amulet)
Regen    0.1/turn               (no ring)
MPRegen  0.1/turn               (no ring)

@: singing (expiring)
A: permanent stasis, dig shafts and tunnels, four strong arms, antennae 3
a: Dig, Stop Singing


You were in the Dungeon.
You were not hungry.

You visited 1 branch


Innate Abilities, Weirdness & Mutations

You cannot be hasted, slowed, berserked, paralysed or teleported.
You can dig through walls and to a lower floor.
Your four strong arms can wield two-handed weapons with a shield.
You have a pair of large antennae on your head. (SInv)


   Skills:
 - Level 2.1 Fighting
 + Level 5.4 Long Blades
 - Level 1.1 Armour
 - Level 1.7 Dodging
 - Level 2.1 Spellcasting
 - Level 3.0 Charms


You had 2 spell levels left.
You knew the following spells:

 Your Spells              Type           Power        Failure   Level  Hunger
a - Infusion              Chrm           #...         12%         1    ##.....
s - Song of Slaying       Chrm           #.......     14%         2    ###....

Inventory:

Hand Weapons
 a - a +0 falchion (weapon)
Armour
 b - a +0 leather armour (worn)
Scrolls
 j - a scroll of blinking
Potions
 e - a potion of curing
 g - a potion of haste {!q}
 h - 2 potions of magic {!q}
 i - a potion of berserk rage {!q}
Books
 c - a book of Battle

   Spells                             Type                      Level
   a - Infusion                       Charms                       1
   b - Shroud of Golubria             Charms/Translocation         2
   c - Song of Slaying                Charms                       2
   d - Spectral Weapon                Hexes/Charms                 3
   e - Regeneration                   Charms/Necromancy            3
Comestibles
 d - a bread ration {!e}
 k - a chunk of flesh


Message History

You hit the shadow imp.
The shadow imp is heavily wounded.
The shadow imp closely misses you.
You closely miss the shadow imp.
The shadow imp is heavily wounded.
The shadow imp hits you.
* * * LOW HITPOINT WARNING * * *
You take 1 damage.
Okay, then.
Unknown command.
You barely miss the shadow imp.
The shadow imp is heavily wounded.
The shadow imp closely misses you. The shadow imp gestures at you.
You barely resist. You closely miss the shadow imp.
The shadow imp is heavily wounded.
The shadow imp closely misses you.
You riposte.
You closely miss the shadow imp.
The shadow imp is heavily wounded.
Really quaff
f - a potion of heal wounds {!q}?
You feel much better. The shadow imp barely misses you.
You riposte.
You hit the shadow imp but do no damage.
The shadow imp is heavily wounded.
You slash the shadow imp!
You kill the shadow imp!
Your Long Blades skill increases to level 5!
You closely miss the orc.
The gnoll hits you from afar with a spear.
The orc hits you.
* * * LOW HITPOINT WARNING * * *
You take 11 damage.
You hit the orc.
The orc is lightly wounded.
The gnoll barely misses you. The orc hits you.
* * * LOW HITPOINT WARNING * * *
You take 2 damage.
You barely miss the orc.
The orc is lightly wounded.
The gnoll completely misses you. The orc closely misses you.
You riposte.
You barely miss the orc.
The orc is lightly wounded.
You hit the orc.
You kill the orc!
The gnoll closely misses you. The gnoll barely misses you.
There is an open door here.
You see here a leather armour.
You hit the gnoll but do no damage.
Your song is almost over.
The gnoll hits you with a spear!
You die...

█<█
█.█
█.█
█.█
█†█
█÷█
█.█
█.█
█.█
█.█
█@█


█g█ █Z█ █S█ █.█ █.█ █+█ You could see a gnoll, an adder and a quokka skeleton.

Vanquished Creatures
  A shadow imp (D)
  An orc (D)
  A bat (D)
  2 giant cockroaches (D)
  A goblin (D)
  A hobgoblin (D)
7 creatures vanquished.

Notes
Turn   | Place    | Note
-------+----------+-------------------------------------------
     0 | D        | sorlin the Formicid Skald began the quest for the Orb.
     0 | D        | Reached XP level 1. HP: 16/16 MP: 3/3
    13 | D        | Reached skill level 3 in Long Blades
    22 | D        | Reached skill level 4 in Long Blades
    24 | D        | Reached XP level 2. HP: 18/22 MP: 5/5
    32 | D        | Learned a level 2 spell: Song of Slaying
    85 | D        | HP: 5/22 [shadow imp (3)]
    93 | D        | Reached skill level 5 in Long Blades
    99 | D        | Slain by a gnoll

Vault maps used:
D:        linesprint

Action                   || total
-------------------------++-------
Melee: Falchion          ||    36
 Cast: Song of Slaying   ||     1
  Use: Potion            ||     1
Armor: Leather armour    ||     9
Dodge: Dodged            ||    26
       Rpst.: Falchion   ||    12
